 Dungeon Crawl Stone Soup version 0.29.1-14-g9c671dbff4 (webtiles) character file.

Game seed: 12077542521403367063

697 StoopidFlanders the Stinger (level 7, -1/53 HPs)
             Began as a Gnoll Wanderer on Feb 12, 2023.
             Was an Initiate of Ru.
             Shot with a bolt by an orc warrior (16 damage)
             ... on level 7 of the Dungeon on Feb 13, 2023.
             The game lasted 00:11:04 (4314 turns).

StoopidFlanders the Stinger (Gnoll Wanderer)        Turns: 4314, Time: 00:11:05

Health: -1/53      AC:  9    Str: 17    XL:     7   Next: 65%
Magic:  13/13      EV: 10    Int:  9    God:    Ru [......]
Gold:   224        SH:  0    Dex: 10    Spells: 13/14 levels left

rFire   + . .      SeeInvis .   p - +7 flail (vorpal)
rCold   . . .      Faith    .   (no shield)
rNeg    . . .      Spirit   .   b - +0 scale mail
rPois   .          Reflect  .   (no helmet)
rElec   .          Harm     .   (no cloak)
rCorr   .          Rampage  .   e - +1 pair of gloves
Will    .....      Rage     3%  (no boots)
Stlth   +.........              (no amulet)
HPRegen 0.17/turn               (no ring)
MPRegen 0.13/turn               (no ring)

@: about to teleport
A: fangs 1, strong nose, distributed training, berserk 1, fire resistance 1
a: Renounce Religion


You were on level 7 of the Dungeon.
You worshipped Ru.
Ru was noncommittal.
You visited 1 branch of the dungeon, and saw 6 of its levels.
You also visited: Ossuary.

You collected 224 gold pieces.

Inventory:

Hand Weapons
 f - a +2 short sword of holy wrath
 g - a +2 dagger of venom
 p - a +7 vorpal flail (weapon)
Missiles
 r - 2 throwing nets (quivered)
Armour
 b - a +0 scale mail (worn)
 e - a +1 pair of gloves (worn)
Scrolls
 h - 4 scrolls of identify
 i - a scroll of blinking
 n - a scroll of amnesia
Potions
 c - 4 potions of brilliance
 d - a potion of resistance {unknown}
 j - a potion of haste {unknown}
 k - a potion of flight {unknown}
 l - a potion of curing
 m - 2 potions of lignification {unknown}
 o - 2 potions of might {unknown}
 q - a potion of magic


   Skills:
 + Level 3.8 Fighting
 + Level 2.7 Short Blades
 + Level 2.7 Long Blades
 + Level 2.7 Axes
 + Level 2.7 Maces & Flails
 + Level 3.8 Polearms
 + Level 2.7 Staves
 + Level 2.7 Ranged Weapons
 + Level 3.8 Throwing
 + Level 3.8 Armour
 + Level 3.8 Dodging
 + Level 2.7 Stealth
 + Level 2.7 Shields
 + Level 2.7 Unarmed Combat
 + Level 4.0 Spellcasting
 + Level 2.2 Conjurations
 + Level 2.2 Hexes
 + Level 2.2 Summonings
 + Level 2.2 Necromancy
 + Level 2.2 Translocations
 + Level 2.2 Transmutations
 + Level 2.2 Fire Magic
 + Level 2.2 Ice Magic
 + Level 2.2 Air Magic
 + Level 2.2 Earth Magic
 + Level 5.9 Poison Magic
 + Level 3.0 Invocations
 + Level 3.8 Evocations


You had 13 spell levels left.
You knew the following spells:

 Your Spells              Type           Power      Damage    Failure   Level
a - Sting                 Tmut/Pois      36%        1d4       16%         1

Your spell library contained the following spells:

 Spells                   Type           Power      Damage    Failure   Level
 Spider Form              Tmut/Pois      9%         N/A       43%         3
 Ignite Poison            Fire/Tmut/Pois 8%         N/A       54%         3


Dungeon Overview and Level Annotations

Branches:
Dungeon (5/15)            Ossuary (visited)
 Temple: D:4-7

Altars:
Qazlal
Ru


Innate Abilities, Weirdness & Mutations

You have very sharp teeth.
Your uncanny sense of smell can sniff out nearby items.
Your experience applies equally to all skills.
You sometimes lose your temper in combat.
Your flesh is heat resistant. (rF+)


Message History

There is a stone staircase leading down here.
You climb downwards.
Found an escape hatch in the floor.
There is a stone staircase leading up here.
Done exploring.
Okay, then.
You climb upwards.
There is a stone staircase leading down here.
There is a stone staircase leading down here.
You climb downwards.
Found 14 gold pieces.
There is a stone staircase leading up here.
A sourceless malevolence fills the Dungeon...
You fall into a shaft and drop 2 floors!
The shaft crumbles and collapses.
You open the door.
Found a rapier.
Found a chain mail.
There is an open door here.
You see here a +0 rapier.
An orc comes into view. It is wielding a +0 club.
The orc shouts!
An orc warrior comes into view. It is wielding a +2 mace of protection.
Found a club.
The orc warrior shouts!
The orc barely misses you.
An orc comes into view. It is wielding a +0 falchion.
The orc shouts!
You sock the orc!
You kill the orc!
The orc warrior unwields a +2 mace of protection.
The orc warrior wields a +0 arbalest.
The orc warrior shoots a bolt.
The bolt hits you!
The orc warrior shoots a bolt.
The bolt hits you!
Okay, then.
Found a sling.
The orc warrior shoots a bolt.
The bolt hits you!
* * * LOW HITPOINT WARNING * * *
As you read the scroll of teleportation, it crumbles to dust.
You feel strangely unstable.
The orc warrior shoots a bolt.
The bolt hits you!
You die...

.)... .. .. ....# .#
. ....... . .....#.#
.. ..#.#.#.# ####
#.#...... #...
#....##.#∆
#....#.@#....#
#....#..#.....
#.........# #
#....+.##o#.#...
######........#
#........#.##.#
#.......o#..
#......#.)..#
#####...)..#.##....#


You could see an orc warrior.

Vanquished Creatures
  Edmund (D:4)
  An elf zombie (Ossuary)
  A kobold brigand (D:4)
  A scorpion (D:4)
  A human zombie (Ossuary)
  A hound (D:3)
  A jelly (D:4)
  A gnoll bouda (D:4)
  2 mummies (Ossuary)
  10 gnolls
  5 adders
  4 adder zombies (Ossuary)
  A worm (D:3)
  A dart slug (D:2)
  An orc (D:7)
  3 endoplasms
  7 giant cockroaches
  5 goblins (D:2)
  8 hobgoblins
  9 kobolds
  3 quokkas
  7 ball pythons
  4 bats
  5 frilled lizards
  8 hobgoblin zombies (Ossuary)
  A jackal zombie (Ossuary)
  9 kobold zombies (Ossuary)
  3 orc zombies (Ossuary)
  11 rats
115 creatures vanquished.

Vanquished Creatures (others)
  14 plants (D:4)
14 creatures vanquished.

Grand Total: 129 creatures vanquished

Notes
Turn   | Place    | Note
-------+----------+-------------------------------------------
     0 | D:1      | StoopidFlanders the Gnoll Wanderer began the quest for the
                  | Orb.
     0 | D:1      | StoopidFlanders set off with the following items: a +0
                  | spear, a +0 scale mail, a potion of mutation; and the
                  | following spell memorised: Sting; and the following spells
                  | available to memorise: Spider Form, Ignite Poison.
     0 | D:1      | Reached XP level 1. HP: 17/17 MP: 4/4
     1 | D:1      | Gained mutation: Your flesh is heat resistant. (rF+)
                  | [potion of mutation]
     1 | D:1      | Gained mutation: You sometimes lose your temper in combat.
                  | [potion of mutation]
   166 | D:1      | Reached XP level 2. HP: 23/23 MP: 5/5
   735 | D:2      | Reached XP level 3. HP: 27/28 MP: 7/7
   933 | D:2      | Reached skill level 1 in Invocations
   991 | D:2      | Identified the +0 leather armour of Gehenna {Str+3}
  1304 | D:2      | Found a faded altar of an unknown god.
  1358 | D:3      | Reached skill level 1 in Short Blades
  1358 | D:3      | Reached skill level 1 in Long Blades
  1358 | D:3      | Reached skill level 1 in Axes
  1358 | D:3      | Reached skill level 1 in Maces & Flails
  1358 | D:3      | Reached skill level 1 in Staves
  1358 | D:3      | Reached skill level 1 in Ranged Weapons
  1358 | D:3      | Reached skill level 1 in Stealth
  1358 | D:3      | Reached skill level 1 in Shields
  1358 | D:3      | Reached skill level 1 in Unarmed Combat
  1529 | D:3      | Reached XP level 4. HP: 20/34 MP: 8/8
  1757 | D:3      | Reached skill level 1 in Conjurations
  1757 | D:3      | Reached skill level 1 in Hexes
  1757 | D:3      | Reached skill level 1 in Summonings
  1757 | D:3      | Reached skill level 1 in Necromancy
  1757 | D:3      | Reached skill level 1 in Translocations
  1757 | D:3      | Reached skill level 1 in Transmutations
  1757 | D:3      | Reached skill level 1 in Fire Magic
  1757 | D:3      | Reached skill level 1 in Ice Magic
  1757 | D:3      | Reached skill level 1 in Air Magic
  1757 | D:3      | Reached skill level 1 in Earth Magic
  1882 | D:3      | Found a stormy altar of Qazlal.
  1894 | D:3      | Reached XP level 5. HP: 40/40 MP: 9/9
  2647 | D:4      | Noticed Edmund
  2738 | D:4      | Found a sacrificial altar of Ru.
  2747 | D:4      | Reached XP level 6. HP: 35/47 MP: 9/11
  2767 | D:4      | Became a worshipper of Ru the Awakened
  2805 | D:4      | Found a sand-covered staircase.
  2811 | Ossuary  | Entered an ossuary
  3433 | D:4      | Reached XP level 7. HP: 46/52 MP: 12/12
  3677 | D:4      | Killed Edmund
  4253 | D:5      | Entered Level 5 of the Dungeon
  4294 | D:5      | You fall into a shaft and drop 2 floors!
  4314 | D:7      | Shot with a bolt by an orc warrior

Illustrated notes

Levels and vault maps discovered:
D:1:      matt_arrival_los_fun, layout_basic, kennysheep_decorative_pillar
D:2:      layout_rooms, dreamdust_ecumenical_altar_angels_and_demons,
          small_statue_intersection
D:3:      layout_basic, lemuel_tele_altar, minmay_misc_feat_roman
D:4:      layout_cave_pools, mainiacjoe_overflow_brackets, enter_ossuary_5,
          portal_sewer_entry_b, lexackson_kobold_supper, uniq_edmund
D:5:      minmay_spotlight, layout_loops_cross, gammafunk_ghost_smash,
          uniq_blork_the_orc
D:7:      layout_gridville, tso_metal_star, makhleb_blood_cavern_becter,
          minmay_temple_entry_ruins, minmay_nine_imps

Skill      XL: |  1  2  3  4  5  6  7 |
---------------+----------------------+-----
Invocations    | 1 2 3 |  3.0
Short Blades   | 1 2 |  2.7
Long Blades    | 1 2 |  2.7
Axes           | 1 2 |  2.7
Maces & Flails | 1 2 |  2.7
Staves         | 1 2 |  2.7
Ranged Weapons | 1 2 |  2.7
Stealth        | 1 2 |  2.7
Shields        | 1 2 |  2.7
Unarmed Combat | 1 2 |  2.7
Spellcasting   | 3 4 |  4.0
Conjurations   | 1 2 |  2.2
Hexes          | 1 2 |  2.2
Summonings     | 1 2 |  2.2
Necromancy     | 1 2 |  2.2
Translocations | 1 2 |  2.2
Transmutations | 1 2 |  2.2
Fire Magic     | 1 2 |  2.2
Ice Magic      | 1 2 |  2.2
Air Magic      | 1 2 |  2.2
Earth Magic    | 1 2 |  2.2
Fighting       | 3 |  3.8
Polearms       | 3 |  3.8
Throwing       | 3 |  3.8
Armour         | 3 |  3.8
Dodging        | 3 |  3.8
Evocations     | 3 |  3.8
Poison Magic   | |  5.9

Action                   |  1- 3 |  4- 6 |  7- 9 || total
-------------------------+-------+-------+-------++-------
Melee: Spear             |    36 |       |       ||    36
       Bite              |     7 |    17 |     2 ||    26
       Dagger            |    68 |    76 |    35 ||   179
       Punch             |     1 |     9 |     1 ||    11
       Short sword       |       |    99 |       ||    99
       Flail             |       |       |    12 ||    12
 Cast: Sting             |       |     1 |     5 ||     6
  Use: Potion            |     1 |     4 |       ||     5
       Scroll            |       |     6 |     1 ||     7
Armor: Scale mail        |    45 |    76 |    22 ||   143
Dodge: Dodged            |    48 |    96 |    16 ||   160
